Senateurs vs Predators
(R1)
Created - December 12, 2021 at 22:42
Goals
|
| Senateurs |
0 |
0 |
2 |
2 |
| Predators |
1 |
1 |
2 |
4 |
|
Shots
|
| Senateurs |
5 |
13 |
6 |
24 |
| Predators |
10 |
12 |
18 |
40 |
|
1st period
1. Predators , Joel Armia 1 (Scott Laughton 1, Justin Abdelkader 3) at 12:41
Penalties :
Ryan Kesler (Nas) for Hooking (Minor) at 10:11, Matt Martin (Ott) for High sticking (Minor) at 14:05, Mikael Granlund (Nas) for Boarding (Minor) at 17:35
2nd period
2. Predators , Mikael Granlund 4 (Alexander Ovechkin 3, Jack Eichel 1) at 9:41
Penalties :
Jack Eichel (Nas) for Hooking (Minor) at 0:15, Ryan Kesler (Nas) for Hooking (Minor) at 6:53, Alexander Ovechkin (Nas) for High sticking (Minor) at 18:54
3rd period
3. Predators , Joel Armia 2 (Justin Faulk 3) at 3:39 (PP)
4. Senateurs , Eric Gelinas 2 (Reilly Smith 3, Matt Martin 3) at 5:59 (PP)
5. Senateurs , Eric Gelinas 3 (Matt Martin 4, Sidney Crosby 5) at 10:46 (PP)
6. Predators , Alexander Ovechkin 4 (Chris Lawrence 1, Andy Miele 3) at 19:54 (Empty Net)
Penalties :
Matt Martin (Ott) for High sticking (Minor) at 1:49, Mark Pysyk (Nas) for Cross-checking (Minor) at 4:57, Alexander Ovechkin (Nas) for Tripping (Minor) at 6:02, Alexander Ovechkin (Nas) for Hooking (Minor) at 9:57, Loui Eriksson (Ott) for Tripping (Minor) at 11:31
Goalie Stats
Brian Elliott (Ott), 36 saves from 39 shots - (0.923), L, 1-1-0, 59:25 minutes
Jaroslav Halak (Nas), 22 saves from 24 shots - (0.917), W, 2-2-0, 60:00 minutes
Players Stats for Senateurs
Player Name G A P +/- PIM S H SB GA TA FO MP PP MP PK MP
------------------------------------------------------------------------------------
Alexander Wennberg 0 0 0 0 0 0 0 0 1 0 5/8 16:52 5:31 1:12
Anthony Bitetto 0 0 0 -2 0 0 0 0 0 0 0/0 12:56 0:00 0:00
Bobby Ryan 0 0 0 0 0 0 0 0 0 0 0/1 7:20 0:03 0:00
Brad Richardson 0 0 0 -2 0 4 0 0 0 0 4/12 11:15 0:00 0:00
Brandon Burlon 0 0 0 0 0 1 2 1 0 1 0/0 20:33 4:45 2:19
Cody Franson 0 0 0 0 0 1 1 1 1 0 0/0 20:33 4:45 2:19
Derek Boogaard 0 0 0 0 0 1 2 0 0 0 0/0 10:00 0:00 2:43
Dion Phaneuf 0 0 0 -1 0 1 4 0 0 0 0/0 26:31 9:00 3:29
Eric Gelinas 2 0 2 -1 0 2 1 0 0 1 0/0 26:31 9:00 3:29
Loui Eriksson 0 0 0 0 2 0 4 1 0 0 0/0 9:41 0:18 0:00
Matt Martin 0 2 2 -1 4 2 1 0 1 0 2/6 21:11 8:11 0:59
Nate Prosser 0 0 0 -2 0 0 0 0 0 1 0/0 12:56 0:00 0:00
Peter Mueller 0 0 0 0 0 0 0 0 0 0 2/3 7:17 0:00 0:00
Reilly Smith 0 1 1 -1 0 2 3 2 1 2 1/1 22:11 8:11 2:14
Rickard Rakell 0 0 0 -2 0 2 3 2 1 0 0/2 17:02 5:19 0:00
Rostislav Olesz 0 0 0 0 0 1 1 1 0 0 0/0 17:03 5:31 1:23
Sergei Kostitsyn 0 0 0 -2 0 2 1 0 0 1 0/0 11:15 0:00 0:00
Sidney Crosby 0 1 1 -1 0 5 4 1 0 0 16/33 23:02 8:11 3:05
Players Stats for Predators
Player Name G A P +/- PIM S H SB GA TA FO MP PP MP PK MP
------------------------------------------------------------------------------------
Alexander Edler 0 0 0 0 0 0 0 0 1 0 0/0 28:26 3:44 7:07
Alexander Ovechkin 1 1 2 2 6 11 1 0 0 0 0/0 20:55 3:40 3:51
Andy Miele 0 1 1 1 0 0 2 1 0 1 5/13 14:33 0:00 7:41
Brandon Gormley 0 0 0 3 0 0 1 1 1 1 0/0 9:58 0:00 0:00
Chris Higgins 0 0 0 0 0 1 1 0 0 0 0/0 6:10 0:00 0:10
Chris Lawrence 0 1 1 1 0 3 1 0 0 0 0/0 6:49 0:00 0:00
Jack Eichel 0 1 1 1 2 1 1 0 0 0 9/20 18:08 3:40 1:17
Jaden Schwartz 0 0 0 0 0 1 3 2 0 0 3/4 16:17 2:01 3:55
Joel Armia 2 0 2 1 0 2 2 0 0 0 1/1 11:59 2:01 0:00
John Moore 0 0 0 0 0 3 2 2 0 0 0/0 21:36 2:04 6:38
Justin Abdelkader 0 1 1 1 0 4 1 1 0 0 0/0 10:19 0:07 0:00
Justin Faulk 0 1 1 0 0 1 1 3 0 1 0/0 21:36 2:04 6:38
Mark Pysyk 0 0 0 0 2 0 2 0 1 2 1/2 17:38 0:00 6:49
Mikael Granlund 1 0 1 1 2 6 5 1 0 0 2/2 20:13 3:47 3:47
Nate Schmidt 0 0 0 2 0 1 0 0 0 0 0/0 9:08 0:00 0:00
Ryan Kesler 0 0 0 0 4 1 2 0 2 0 9/14 12:47 2:01 0:00
Ryan Mcdonagh 0 0 0 1 0 0 3 3 1 0 0/0 29:16 3:44 7:07
Scott Laughton 0 1 1 1 0 5 1 0 0 0 6/10 10:19 0:07 0:00
3 Stars
1 - Joel Armia (Nas)
2 - Mikael Granlund (Nas)
3 - Eric Gelinas (Ott)
Power Play
Senateurs - 2 on 8 Attempt(s) - 25.00%
Predators - 1 on 3 Attempt(s) - 33.33%
Penalty Kill
Senateurs - 2 on 3 Attempt(s) - 66.67%
- Score 0 goal in Penalty Kill
Predators - 6 on 8 Attempt(s) - 75.00%
- Score 0 goal in Penalty Kill
Team Stat
Senateurs - Hits : 27 - Faceoff Wins : 30 - Blocked Shots : 9 - Penalty Minutes : 6
Predators - Hits : 29 - Faceoff Wins : 36 - Blocked Shots : 14 - Penalty Minutes : 16
Official
Referees : Gord Dwyer and Pierre Lambert
Linesman : Shandor Alphonso and Steve Miller
Game Notes
Alexander Ovechkin has scored in a empty net!
Finance
Level 1 -- Attendance: 6000 (100.00%) -- Ticket Income $600,000
Level 2 -- Attendance: 4774 (95.48%) -- Ticket Income $286,440
Level 3 -- Attendance: 2000 (100.00%) -- Ticket Income $70,000
Level 4 -- Attendance: 3642 (91.05%) -- Ticket Income $91,050
Luxury Box -- Attendance: 1000 (100.00%) -- Ticket Income $200,000
Game was played at the Bridgestone arena.
Total Attendance: 17416 (96.76%)
Total Ticket Income: $1,247,490
Other Income: $187,124
Total Income: $1,434,614
Senateurs
5 vs 5 Forward
Center Left Wing Right Wing Time % Phy DF OF
1 Sidney Crosby Matt Martin Reilly Smith 35 1 2 2
2 Alexander Wennberg Rostislav Olesz Loui Eriksson 25 1 2 2
3 Brad Richardson Sergei Kostitsyn Rickard Rakell 25 1 2 2
4 Peter Mueller Derek Boogaard Bobby Ryan 15 1 2 2
5 vs 5 Defense
Defense Defense Time % Phy DF OF
1 Dion Phaneuf Eric Gelinas 30 2 2 1
2 Cody Franson Brandon Burlon 30 1 2 2
3 Nate Prosser Anthony Bitetto 30 1 2 2
4 Dion Phaneuf Eric Gelinas 10 1 2 2
PowerPlay Forward
Center Left Wing Right Wing Time % Phy DF OF
1 Sidney Crosby Matt Martin Reilly Smith 55 1 2 2
2 Alexander Wennberg Rostislav Olesz Rickard Rakell 45 0 2 3
PowerPlay Defense
Defense Defense Time % Phy DF OF
1 Dion Phaneuf Eric Gelinas 60 0 2 3
2 Cody Franson Brandon Burlon 40 1 2 2
Penalty Kill 4 Players Forward
Center Wing Time % Phy DF OF
1 Sidney Crosby Matt Martin 60 1 2 2
2 Alexander Wennberg Derek Boogaard 40 1 2 2
Penalty Kill 4 Players Defense
Defense Defense Time % Phy DF OF
1 Dion Phaneuf Eric Gelinas 60 1 2 2
2 Cody Franson Brandon Burlon 40 1 2 2
Penalty Kill - 3 Players Forward
Forward Time % Phy DF OF
1 Sidney Crosby 60 1 2 2
2 Rickard Rakell 40 1 2 2
Penalty Kill - 3 Players Defense
Defense Defense Time % Phy DF OF
1 Dion Phaneuf Eric Gelinas 60 1 2 2
2 Cody Franson Brandon Burlon 40 1 2 2
4 vs 4 Forward
Center Wing Time % Phy DF OF
1 Sidney Crosby Matt Martin 60 1 2 2
2 Alexander Wennberg Derek Boogaard 40 1 2 2
4 vs 4 Defense
Defense Defense Time % Phy DF OF
1 Dion Phaneuf Eric Gelinas 60 1 2 2
2 Cody Franson Brandon Burlon 40 1 2 2
Last Minutes Offensive
Center Left Wing Right Wing Defense Defense
Sidney Crosby Matt Martin Reilly Smith Dion Phaneuf Eric Gelinas
Last Minutes Defensive
Center Left Wing Right Wing Defense Defense
Sidney Crosby Matt Martin Bobby Ryan Dion Phaneuf Eric Gelinas
Goaltenders
Starting : Brian Elliott
Backup : Viktor Fasth
Extra Forwards
Normal : Reilly Smith, Loui Eriksson, Rostislav Olesz - PP : Reilly Smith, Loui Eriksson - PK : Reilly Smith
Extra Defensemen
Normal : Brandon Burlon, Nate Prosser, Anthony Bitetto - PP : Brandon Burlon - PK : Brandon Burlon, Nate Prosser
Penalty Shots
Sidney Crosby, Matt Martin, Derek Boogaard, Bobby Ryan, Reilly Smith
Scratches
Nick Foligno (Healthy), T.J. Fast (Healthy)
Predators
5 vs 5 Forward
Center Left Wing Right Wing Time % Phy DF OF
1 Jack Eichel Alexander Ovechkin Mikael Granlund 40 1 2 2
2 Ryan Kesler Jaden Schwartz Mark Pysyk 30 1 2 2
3 Scott Laughton Justin Abdelkader Joel Armia 20 1 2 2
4 Andy Miele Chris Higgins Chris Lawrence 10 1 2 2
5 vs 5 Defense
Defense Defense Time % Phy DF OF
1 Ryan Mcdonagh Alexander Edler 40 1 2 2
2 John Moore Justin Faulk 30 1 2 2
3 Nate Schmidt Brandon Gormley 20 1 2 2
4 Ryan Mcdonagh Alexander Edler 10 1 2 2
PowerPlay Forward
Center Left Wing Right Wing Time % Phy DF OF
1 Jack Eichel Alexander Ovechkin Mikael Granlund 60 1 1 3
2 Ryan Kesler Jaden Schwartz Joel Armia 40 1 1 3
PowerPlay Defense
Defense Defense Time % Phy DF OF
1 Ryan Mcdonagh Alexander Edler 60 1 1 3
2 John Moore Justin Faulk 40 1 1 3
Penalty Kill 4 Players Forward
Center Wing Time % Phy DF OF
1 Andy Miele Mark Pysyk 60 1 2 2
2 Jaden Schwartz Alexander Ovechkin 40 1 2 2
Penalty Kill 4 Players Defense
Defense Defense Time % Phy DF OF
1 Ryan Mcdonagh Alexander Edler 60 1 2 2
2 John Moore Justin Faulk 40 1 2 2
Penalty Kill - 3 Players Forward
Forward Time % Phy DF OF
1 Jaden Schwartz 60 1 2 2
2 Andy Miele 40 1 2 2
Penalty Kill - 3 Players Defense
Defense Defense Time % Phy DF OF
1 Ryan Mcdonagh Alexander Edler 60 1 3 1
2 John Moore Justin Faulk 40 1 3 1
4 vs 4 Forward
Center Wing Time % Phy DF OF
1 Mikael Granlund Alexander Ovechkin 60 1 2 2
2 Jack Eichel Jaden Schwartz 40 1 2 2
4 vs 4 Defense
Defense Defense Time % Phy DF OF
1 Ryan Mcdonagh Alexander Edler 60 1 2 2
2 John Moore Justin Faulk 40 1 2 2
Last Minutes Offensive
Center Left Wing Right Wing Defense Defense
Jack Eichel Alexander Ovechkin Mikael Granlund Ryan Mcdonagh Alexander Edler
Last Minutes Defensive
Center Left Wing Right Wing Defense Defense
Andy Miele Jaden Schwartz Mark Pysyk Ryan Mcdonagh John Moore
Goaltenders
Starting : Jaroslav Halak
Backup : Kari Lehtonen
Extra Forwards
Normal : Scott Laughton, Ryan Kesler, Mark Pysyk - PP : Scott Laughton, Justin Abdelkader - PK : Mikael Granlund
Extra Defensemen
Normal : Justin Faulk, Brandon Gormley, Nate Schmidt - PP : Brandon Gormley - PK : Nate Schmidt, Brandon Gormley
Penalty Shots
Alexander Ovechkin, Mikael Granlund, Jaden Schwartz, Ryan Kesler, Ryan Mcdonagh
Scratches
Brendan Gallagher (Lower Body Injury), Byron Bitz (Chest/Ribs Injury)
% Time on Ice - Senateurs
Lines # - Real PCT - Wanted PCT - Time Play
Normal Forward
1 - 29% - 35% - 11:47
2 - 24% - 25% - 9:45
3 - 28% - 25% - 11:15
4 - 18% - 15% - 7:17
Normal Defense
1 - 31% - 30% - 12:21
2 - 34% - 30% - 13:29
3 - 32% - 30% - 12:56
4 - 3% - 10% - 1:18
PP Forward
1 - 60% - 55% - 8:14
2 - 40% - 45% - 5:31
PP Defense
1 - 65% - 60% - 9:00
2 - 35% - 40% - 4:45
PK Forward
1 - 93% - 60% - 5:23
2 - 7% - 40% - 0:25
PK Defense
1 - 60% - 60% - 3:29
2 - 40% - 40% - 2:19
PK3 Forward
1 - 0% - 60%
2 - 0% - 40%
PK3 Defense
1 - 0% - 60%
2 - 0% - 40%
44 Forward
1 - 0% - 60%
2 - 0% - 40%
44 Defense
1 - 0% - 60%
2 - 0% - 40%
Last Minute Offensive - 0:23
Last Minute Defensive - 0:00
Total
Forward - 60:00
Defense - 60:00
|
% Time on Ice - Predators
Lines # - Real PCT - Wanted PCT - Time Play
Normal Forward
1 - 34% - 40% - 13:19
2 - 26% - 30% - 10:18
3 - 25% - 20% - 9:58
4 - 15% - 10% - 5:58
Normal Defense
1 - 41% - 40% - 16:24
2 - 33% - 30% - 12:54
3 - 23% - 20% - 9:08
4 - 3% - 10% - 1:07
PP Forward
1 - 65% - 60% - 3:47
2 - 35% - 40% - 2:01
PP Defense
1 - 64% - 60% - 3:44
2 - 36% - 40% - 2:04
PK Forward
1 - 72% - 60% - 9:50
2 - 28% - 40% - 3:55
PK Defense
1 - 52% - 60% - 7:07
2 - 48% - 40% - 6:38
PK3 Forward
1 - 0% - 60%
2 - 0% - 40%
PK3 Defense
1 - 0% - 60%
2 - 0% - 40%
44 Forward
1 - 0% - 60%
2 - 0% - 40%
44 Defense
1 - 0% - 60%
2 - 0% - 40%
Last Minute Offensive - 0:00
Last Minute Defensive - 0:54
Total
Forward - 60:00
Defense - 60:00
|
Play-by-Play
1st period
0:01 of 1st period - Jack Eichel wins face-off versus Matt Martin in neutral zone.
0:04 of 1st period - Dion Phaneuf is hit by Ryan Mcdonagh and loses puck.
1:19 of 1st period - Off-side.
1:20 of 1st period - Jack Eichel wins face-off versus Sidney Crosby in neutral zone.
2:04 of 1st period - Icing by Eric Gelinas.
2:05 of 1st period - Alexander Wennberg wins face-off versus Andy Miele in Senateurs zone.
2:32 of 1st period - Snap shot by Sidney Crosby.
2:32 of 1st period - Deflect By Reilly Smith.
2:32 of 1st period - Stopped by Jaroslav Halak with a rebound.
2:44 of 1st period - Snap shot by Alexander Ovechkin.
2:44 of 1st period - Shot Misses the Net.
2:47 of 1st period - Icing by Nate Prosser.
2:48 of 1st period - Reilly Smith wins face-off versus Ryan Kesler in Senateurs zone.
2:48 of 1st period - Reilly Smith is hit by Jaden Schwartz.
3:20 of 1st period - Wrist shot by Sidney Crosby.
3:20 of 1st period - Stopped by Jaroslav Halak with a rebound.
3:44 of 1st period - Snap shot by Justin Abdelkader.
3:44 of 1st period - Shot Misses the Net.
4:01 of 1st period - Slapshot by Derek Boogaard.
4:01 of 1st period - Stopped by Jaroslav Halak without a rebound.
4:02 of 1st period - Alexander Wennberg wins face-off versus Jack Eichel in Predators zone.
5:01 of 1st period - Wrist shot by Mikael Granlund.
5:01 of 1st period - Stopped by Brian Elliott with a rebound.
5:25 of 1st period - Snap shot by Alexander Ovechkin.
5:25 of 1st period - Stopped by Brian Elliott without a rebound.
5:26 of 1st period - Ryan Kesler wins face-off versus Brad Richardson in Senateurs zone.
6:09 of 1st period - John Moore is hit by Loui Eriksson and loses puck.
6:18 of 1st period - Brandon Burlon is hit by Justin Abdelkader and loses puck.
6:40 of 1st period - Icing by John Moore.
6:41 of 1st period - Matt Martin wins face-off versus Scott Laughton in Predators zone.
6:48 of 1st period - Snap shot by Reilly Smith.
6:48 of 1st period - Shot Blocked by Justin Faulk.
8:03 of 1st period - Snap shot by Justin Abdelkader.
8:03 of 1st period - Deflect By Scott Laughton.
8:03 of 1st period - Stopped by Brian Elliott with a rebound.
8:05 of 1st period - Wrist shot by Scott Laughton.
8:05 of 1st period - Shot Blocked by Reilly Smith.
8:07 of 1st period - Slapshot by Scott Laughton.
8:07 of 1st period - Stopped by Brian Elliott with a rebound.
8:09 of 1st period - Slapshot by John Moore.
8:09 of 1st period - Stopped by Brian Elliott without a rebound.
8:10 of 1st period - Ryan Kesler wins face-off versus Rickard Rakell in Senateurs zone.
9:03 of 1st period - Dion Phaneuf is hit by Andy Miele and loses puck.
9:21 of 1st period - Icing by Dion Phaneuf.
9:22 of 1st period - Ryan Kesler wins face-off versus Brad Richardson in Senateurs zone.
9:33 of 1st period - Rickard Rakell is hit by Ryan Mcdonagh and loses puck.
9:40 of 1st period - Rickard Rakell is hit by Mark Pysyk and loses puck.
10:01 of 1st period - Mark Pysyk is hit by Cody Franson and loses puck.
10:11 of 1st period - Minor Penalty to Ryan Kesler for Hooking.
10:12 of 1st period - Mark Pysyk wins face-off versus Sidney Crosby in Predators zone.
10:43 of 1st period - Justin Faulk is hit by Rickard Rakell.
11:35 of 1st period - Cody Franson is hit by Mikael Granlund and loses puck.
12:11 of 1st period - Penalty to Ryan Kesler is over, Ryan Kesler is back on ice.
12:31 of 1st period - Snap shot by Ryan Kesler.
12:31 of 1st period - Shot Misses the Net.
12:33 of 1st period - Snap shot by Ryan Kesler.
12:33 of 1st period - Stopped by Brian Elliott without a rebound.
12:34 of 1st period - Scott Laughton wins face-off versus Brad Richardson in Senateurs zone.
12:39 of 1st period - Snap shot by Scott Laughton.
12:39 of 1st period - Shot Hit the Post.
12:41 of 1st period - Snap shot by Joel Armia.
12:41 of 1st period - Goal by Joel Armia - Senateurs : 0 - Predators : 1.
12:42 of 1st period - Sidney Crosby wins face-off versus Ryan Kesler in neutral zone.
13:20 of 1st period - Snap shot by Brad Richardson.
13:20 of 1st period - Stopped by Jaroslav Halak with a rebound.
13:40 of 1st period - Wrist shot by Alexander Ovechkin.
13:40 of 1st period - Shot Blocked by Rostislav Olesz.
14:00 of 1st period - Wrist shot by Scott Laughton.
14:00 of 1st period - Stopped by Brian Elliott without a rebound.
14:01 of 1st period - Joel Armia wins face-off versus Sidney Crosby in Senateurs zone.
14:05 of 1st period - Minor Penalty to Matt Martin for High sticking.
14:06 of 1st period - Sidney Crosby wins face-off versus Jack Eichel in Senateurs zone.
14:06 of 1st period - Sidney Crosby is hit by Alexander Ovechkin.
14:41 of 1st period - Wrist shot by Jaden Schwartz.
14:41 of 1st period - Shot Misses the Net.
14:43 of 1st period - Slapshot by Justin Faulk.
14:43 of 1st period - Stopped by Brian Elliott with a rebound.
14:53 of 1st period - John Moore is hit by Derek Boogaard and loses puck.
15:12 of 1st period - Jack Eichel is hit by Reilly Smith and loses puck.
16:05 of 1st period - Penalty to Matt Martin is over, Matt Martin is back on ice.
16:17 of 1st period - Brandon Burlon is hit by Chris Lawrence.
16:21 of 1st period - Slapshot by Chris Higgins.
16:21 of 1st period - Stopped by Brian Elliott without a rebound.
16:22 of 1st period - Brad Richardson wins face-off versus Andy Miele in Senateurs zone.
16:22 of 1st period - Brad Richardson is hit by Andy Miele.
17:35 of 1st period - Minor Penalty to Mikael Granlund for Boarding.
17:36 of 1st period - Andy Miele wins face-off versus Matt Martin in Predators zone.
17:47 of 1st period - Snap shot by Eric Gelinas.
17:47 of 1st period - Shot Misses the Net.
17:49 of 1st period - Snap shot by Dion Phaneuf.
17:49 of 1st period - Shot Misses the Net.
17:51 of 1st period - Snap shot by Sidney Crosby.
17:51 of 1st period - Stopped by Jaroslav Halak with a rebound.
18:01 of 1st period - Justin Faulk is hit by Dion Phaneuf.
19:35 of 1st period - Penalty to Mikael Granlund is over, Mikael Granlund is back on ice.
19:45 of 1st period - Jack Eichel is hit by Derek Boogaard and loses puck.
Goals for this period are 0 for Senateurs vs 1 for Predators.
Shots for this period are 5 for Senateurs vs 10 for Predators.
2nd period
0:01 of 2nd period - Sidney Crosby wins face-off versus Jack Eichel in neutral zone.
0:08 of 2nd period - Wrist shot by Sidney Crosby.
0:08 of 2nd period - Stopped by Jaroslav Halak without a rebound.
0:09 of 2nd period - Sidney Crosby wins face-off versus Jack Eichel in Predators zone.
0:10 of 2nd period - Snap shot by Matt Martin.
0:10 of 2nd period - Stopped by Jaroslav Halak without a rebound.
0:11 of 2nd period - Sidney Crosby wins face-off versus Jack Eichel in Predators zone.
0:15 of 2nd period - Minor Penalty to Jack Eichel for Hooking.
0:16 of 2nd period - Andy Miele wins face-off versus Sidney Crosby in Predators zone.
2:01 of 2nd period - Icing by Reilly Smith.
2:02 of 2nd period - Matt Martin wins face-off versus Andy Miele in Senateurs zone.
2:02 of 2nd period - Matt Martin is hit by John Moore.
2:14 of 2nd period - Alexander Wennberg is hit by Jaden Schwartz and loses puck.
2:15 of 2nd period - Penalty to Jack Eichel is over, Jack Eichel is back on ice.
3:39 of 2nd period - Mikael Granlund is hit by Rostislav Olesz and loses puck.
3:56 of 2nd period - Backhand shot by Jaden Schwartz.
3:56 of 2nd period - Stopped by Brian Elliott without a rebound.
3:57 of 2nd period - Jaden Schwartz wins face-off versus Brad Richardson in Senateurs zone.
4:08 of 2nd period - Off-side.
4:09 of 2nd period - Ryan Kesler wins face-off versus Sidney Crosby in neutral zone.
4:16 of 2nd period - Snap shot by Sidney Crosby.
4:16 of 2nd period - Shot Misses the Net.
4:18 of 2nd period - Wrist shot by Sidney Crosby.
4:18 of 2nd period - Stopped by Jaroslav Halak with a rebound.
4:20 of 2nd period - Slapshot by Eric Gelinas.
4:20 of 2nd period - Shot Misses the Net.
4:48 of 2nd period - Wrist shot by Jaden Schwartz.
4:48 of 2nd period - Deflect By Rickard Rakell.
4:48 of 2nd period - Shot Misses the Net.
4:48 of 2nd period - Puck is out of play.
4:49 of 2nd period - Jack Eichel wins face-off versus Matt Martin in Senateurs zone.
5:39 of 2nd period - Snap shot by Sergei Kostitsyn.
5:39 of 2nd period - Stopped by Jaroslav Halak with a rebound.
5:41 of 2nd period - Snap shot by Anthony Bitetto.
5:41 of 2nd period - Shot Misses the Net.
5:43 of 2nd period - Wrist shot by Rickard Rakell.
5:43 of 2nd period - Shot Blocked by Ryan Mcdonagh.
5:45 of 2nd period - Wrist shot by Rickard Rakell.
5:45 of 2nd period - Stopped by Jaroslav Halak without a rebound.
5:46 of 2nd period - Sidney Crosby wins face-off versus Jack Eichel in Predators zone.
5:47 of 2nd period - Snap shot by Matt Martin.
5:47 of 2nd period - Stopped by Jaroslav Halak without a rebound.
5:48 of 2nd period - Jack Eichel wins face-off versus Sidney Crosby in Predators zone.
6:05 of 2nd period - Snap shot by Mikael Granlund.
6:05 of 2nd period - Stopped by Brian Elliott with a rebound.
6:14 of 2nd period - Off-side.
6:15 of 2nd period - Scott Laughton wins face-off versus Alexander Wennberg in neutral zone.
6:18 of 2nd period - Slapshot by Scott Laughton.
6:18 of 2nd period - Shot Misses the Net.
6:20 of 2nd period - Wrist shot by Scott Laughton.
6:20 of 2nd period - Shot Misses the Net.
6:22 of 2nd period - Snap shot by Scott Laughton.
6:22 of 2nd period - Shot Misses the Net.
6:24 of 2nd period - Wrist shot by Scott Laughton.
6:24 of 2nd period - Stopped by Brian Elliott with a rebound.
6:26 of 2nd period - Slapshot by John Moore.
6:26 of 2nd period - Stopped by Brian Elliott with a rebound.
6:28 of 2nd period - Snap shot by Justin Abdelkader.
6:28 of 2nd period - Stopped by Brian Elliott with a rebound.
6:30 of 2nd period - Wrist shot by Joel Armia.
6:30 of 2nd period - Shot Blocked by Loui Eriksson.
6:42 of 2nd period - Justin Faulk is hit by Rickard Rakell and loses puck.
6:49 of 2nd period - Slapshot by Brad Richardson.
6:49 of 2nd period - Deflect By Sergei Kostitsyn.
6:49 of 2nd period - Shot Misses the Net.
6:49 of 2nd period - Puck is out of play.
6:50 of 2nd period - Ryan Kesler wins face-off versus Sidney Crosby in Predators zone.
6:50 of 2nd period - Jaden Schwartz is hit by Reilly Smith and loses puck.
6:53 of 2nd period - Minor Penalty to Ryan Kesler for Hooking.
6:54 of 2nd period - Sidney Crosby wins face-off versus Mark Pysyk in Predators zone.
8:53 of 2nd period - Penalty to Ryan Kesler is over, Ryan Kesler is back on ice.
9:08 of 2nd period - Icing by Nate Prosser.
9:09 of 2nd period - Peter Mueller wins face-off versus Scott Laughton in Senateurs zone.
9:14 of 2nd period - Snap shot by Derek Boogaard.
9:14 of 2nd period - Shot Blocked by John Moore.
9:16 of 2nd period - Snap shot by Peter Mueller.
9:16 of 2nd period - Shot Blocked by Justin Abdelkader.
9:18 of 2nd period - Slapshot by Nate Prosser.
9:18 of 2nd period - Shot Misses the Net.
9:31 of 2nd period - Icing by Nate Prosser.
9:32 of 2nd period - Jack Eichel wins face-off versus Brad Richardson in Senateurs zone.
9:41 of 2nd period - Wrist shot by Mikael Granlund.
9:41 of 2nd period - Goal by Mikael Granlund - Senateurs : 0 - Predators : 2.
9:42 of 2nd period - Sidney Crosby wins face-off versus Jack Eichel in neutral zone.
9:49 of 2nd period - Slapshot by Cody Franson.
9:49 of 2nd period - Shot Misses the Net.
9:57 of 2nd period - Cody Franson is hit by Mikael Granlund and loses puck.
10:33 of 2nd period - Dion Phaneuf is hit by Joel Armia and loses puck.
10:38 of 2nd period - Wrist shot by Scott Laughton.
10:38 of 2nd period - Shot Blocked by Rickard Rakell.
10:40 of 2nd period - Wrist shot by Justin Abdelkader.
10:40 of 2nd period - Shot Blocked by Rickard Rakell.
11:01 of 2nd period - Icing by Dion Phaneuf.
11:02 of 2nd period - Ryan Kesler wins face-off versus Peter Mueller in Senateurs zone.
11:37 of 2nd period - Snap shot by Mikael Granlund.
11:37 of 2nd period - Shot Misses the Net.
11:39 of 2nd period - Snap shot by Mikael Granlund.
11:39 of 2nd period - Shot Misses the Net.
11:53 of 2nd period - Slapshot by Scott Laughton.
11:53 of 2nd period - Stopped by Brian Elliott with a rebound.
12:01 of 2nd period - John Moore is hit by Loui Eriksson and loses puck.
12:20 of 2nd period - Wrist shot by Chris Higgins.
12:20 of 2nd period - Shot Blocked by Brandon Burlon.
12:22 of 2nd period - Wrist shot by John Moore.
12:22 of 2nd period - Shot Misses the Net.
12:24 of 2nd period - Snap shot by John Moore.
12:24 of 2nd period - Shot Blocked by Cody Franson.
12:44 of 2nd period - Snap shot by Alexander Ovechkin.
12:44 of 2nd period - Stopped by Brian Elliott without a rebound.
12:45 of 2nd period - Ryan Kesler wins face-off versus Sidney Crosby in Senateurs zone.
13:00 of 2nd period - Jaden Schwartz is hit by Reilly Smith and loses puck.
13:23 of 2nd period - Snap shot by Alexander Ovechkin.
13:23 of 2nd period - Stopped by Brian Elliott with a rebound.
13:34 of 2nd period - Icing by Jack Eichel.
13:35 of 2nd period - Scott Laughton wins face-off versus Alexander Wennberg in Predators zone.
13:35 of 2nd period - Scott Laughton is hit by Brandon Burlon.
14:03 of 2nd period - Wrist shot by Rickard Rakell.
14:03 of 2nd period - Deflect By Brad Richardson.
14:03 of 2nd period - Stopped by Jaroslav Halak without a rebound.
14:04 of 2nd period - Mikael Granlund wins face-off versus Brad Richardson in Predators zone.
14:04 of 2nd period - Mikael Granlund is hit by Sergei Kostitsyn.
14:12 of 2nd period - Snap shot by Mikael Granlund.
14:12 of 2nd period - Shot Misses the Net.
14:14 of 2nd period - Snap shot by Jack Eichel.
14:14 of 2nd period - Stopped by Brian Elliott without a rebound.
14:15 of 2nd period - Jack Eichel wins face-off versus Sidney Crosby in Senateurs zone.
14:40 of 2nd period - Jack Eichel is hit by Eric Gelinas and loses puck.
14:45 of 2nd period - Snap shot by Sergei Kostitsyn.
14:45 of 2nd period - Shot Misses the Net.
14:47 of 2nd period - Slapshot by Sergei Kostitsyn.
14:47 of 2nd period - Deflect By Brad Richardson.
14:47 of 2nd period - Stopped by Jaroslav Halak with a rebound.
14:49 of 2nd period - Snap shot by Brandon Burlon.
14:49 of 2nd period - Shot Hit the Post.
14:51 of 2nd period - Slapshot by Brandon Burlon.
14:51 of 2nd period - Stopped by Jaroslav Halak without a rebound.
14:52 of 2nd period - Ryan Kesler wins face-off versus Sidney Crosby in Predators zone.
15:07 of 2nd period - Wrist shot by Matt Martin.
15:07 of 2nd period - Shot Blocked by Jaden Schwartz.
15:17 of 2nd period - Cody Franson is hit by Ryan Mcdonagh and loses puck.
16:00 of 2nd period - Peter Mueller is hit by Mikael Granlund and loses puck.
16:50 of 2nd period - Snap shot by Loui Eriksson.
16:50 of 2nd period - Shot Misses the Net.
17:08 of 2nd period - Wrist shot by Sergei Kostitsyn.
17:08 of 2nd period - Shot Misses the Net.
17:10 of 2nd period - Slapshot by Cody Franson.
17:10 of 2nd period - Stopped by Jaroslav Halak without a rebound.
17:11 of 2nd period - Jaden Schwartz wins face-off versus Matt Martin in Predators zone.
17:39 of 2nd period - Wrist shot by Alexander Ovechkin.
17:39 of 2nd period - Shot Misses the Net.
17:41 of 2nd period - Snap shot by Alexander Ovechkin.
17:41 of 2nd period - Stopped by Brian Elliott without a rebound.
17:42 of 2nd period - Alexander Wennberg wins face-off versus Jack Eichel in Senateurs zone.
18:09 of 2nd period - Snap shot by Justin Abdelkader.
18:09 of 2nd period - Stopped by Brian Elliott without a rebound.
18:10 of 2nd period - Scott Laughton wins face-off versus Sidney Crosby in Senateurs zone.
18:38 of 2nd period - Off-side.
18:39 of 2nd period - Brad Richardson wins face-off versus Jack Eichel in neutral zone.
18:52 of 2nd period - Snap shot by Rickard Rakell.
18:52 of 2nd period - Stopped by Jaroslav Halak with a rebound.
18:54 of 2nd period - Minor Penalty to Alexander Ovechkin for High sticking.
18:55 of 2nd period - Sidney Crosby wins face-off versus Andy Miele in Predators zone.
18:56 of 2nd period - Snap shot by Reilly Smith.
18:56 of 2nd period - Stopped by Jaroslav Halak with a rebound.
18:58 of 2nd period - Snap shot by Sidney Crosby.
18:58 of 2nd period - Shot Blocked by Andy Miele.
19:00 of 2nd period - Snap shot by Matt Martin.
19:00 of 2nd period - Deflect By Sidney Crosby.
19:00 of 2nd period - Stopped by Jaroslav Halak without a rebound.
19:01 of 2nd period - Andy Miele wins face-off versus Sidney Crosby in Predators zone.
19:27 of 2nd period - Backhand shot by Sidney Crosby.
19:27 of 2nd period - Deflect By Mikael Granlund.
19:27 of 2nd period - Shot Blocked by Ryan Mcdonagh.
19:27 of 2nd period - Puck is out of play.
19:28 of 2nd period - Jaden Schwartz wins face-off versus Alexander Wennberg in Predators zone.
19:53 of 2nd period - Justin Faulk is hit by Sidney Crosby and loses puck.
Goals for this period are 0 for Senateurs vs 1 for Predators.
Shots for this period are 13 for Senateurs vs 12 for Predators.
3rd period
0:01 of 3rd period - Sidney Crosby wins face-off versus Andy Miele in neutral zone.
0:06 of 3rd period - Alexander Edler is hit by Dion Phaneuf and loses puck.
0:25 of 3rd period - Dion Phaneuf is hit by Jaden Schwartz and loses puck.
0:54 of 3rd period - Penalty to Alexander Ovechkin is over, Alexander Ovechkin is back on ice.
1:00 of 3rd period - Justin Faulk is hit by Rickard Rakell and loses puck.
1:07 of 3rd period - Cody Franson is hit by Scott Laughton and loses puck.
1:20 of 3rd period - Snap shot by Alexander Ovechkin.
1:20 of 3rd period - Stopped by Brian Elliott with a rebound.
1:22 of 3rd period - Slapshot by Nate Schmidt.
1:22 of 3rd period - Stopped by Brian Elliott without a rebound.
1:23 of 3rd period - Peter Mueller wins face-off versus Jack Eichel in Senateurs zone.
1:30 of 3rd period - Wrist shot by Derek Boogaard.
1:30 of 3rd period - Shot Misses the Net.
1:42 of 3rd period - Slapshot by Alexander Ovechkin.
1:42 of 3rd period - Shot Blocked by Sidney Crosby.
1:46 of 3rd period - Backhand shot by Alexander Ovechkin.
1:46 of 3rd period - Stopped by Brian Elliott without a rebound.
1:47 of 3rd period - Sidney Crosby wins face-off versus Ryan Kesler in Senateurs zone.
1:49 of 3rd period - Minor Penalty to Matt Martin for High sticking.
1:50 of 3rd period - Jack Eichel wins face-off versus Sidney Crosby in Senateurs zone.
2:14 of 3rd period - Derek Boogaard is hit by Jack Eichel and loses puck.
2:23 of 3rd period - Snap shot by Alexander Ovechkin.
2:23 of 3rd period - Stopped by Brian Elliott with a rebound.
2:25 of 3rd period - Snap shot by Ryan Mcdonagh.
2:25 of 3rd period - Shot Misses the Net.
2:27 of 3rd period - Snap shot by Alexander Ovechkin.
2:27 of 3rd period - Stopped by Brian Elliott with a rebound.
2:29 of 3rd period - Wrist shot by Jack Eichel.
2:29 of 3rd period - Deflect By Mikael Granlund.
2:29 of 3rd period - Stopped by Brian Elliott with a rebound.
2:46 of 3rd period - Snap shot by Mikael Granlund.
2:46 of 3rd period - Stopped by Brian Elliott with a rebound.
3:16 of 3rd period - Snap shot by Alexander Ovechkin.
3:16 of 3rd period - Stopped by Brian Elliott with a rebound.
3:18 of 3rd period - Wrist shot by Alexander Ovechkin.
3:18 of 3rd period - Stopped by Brian Elliott with a rebound.
3:28 of 3rd period - Wrist shot by Mikael Granlund.
3:28 of 3rd period - Stopped by Brian Elliott without a rebound.
3:29 of 3rd period - Sidney Crosby wins face-off versus Ryan Kesler in Senateurs zone.
3:29 of 3rd period - Sidney Crosby is hit by Ryan Kesler.
3:39 of 3rd period - Slapshot by Joel Armia.
3:39 of 3rd period - Goal by Joel Armia - Senateurs : 0 - Predators : 3.
3:40 of 3rd period - Ryan Kesler wins face-off versus Sidney Crosby in neutral zone.
3:43 of 3rd period - Matt Martin is hit by Mark Pysyk and loses puck.
4:36 of 3rd period - Slapshot by Dion Phaneuf.
4:36 of 3rd period - Stopped by Jaroslav Halak with a rebound.
4:38 of 3rd period - Slapshot by Sergei Kostitsyn.
4:38 of 3rd period - Shot Blocked by Brandon Gormley.
4:40 of 3rd period - Wrist shot by Sergei Kostitsyn.
4:40 of 3rd period - Shot Misses the Net.
4:44 of 3rd period - Wrist shot by Sergei Kostitsyn.
4:44 of 3rd period - Stopped by Jaroslav Halak without a rebound.
4:45 of 3rd period - Sidney Crosby wins face-off versus Jaden Schwartz in Predators zone.
4:57 of 3rd period - Minor Penalty to Mark Pysyk for Cross-checking.
4:58 of 3rd period - Andy Miele wins face-off versus Sidney Crosby in Predators zone.
5:21 of 3rd period - Mikael Granlund is hit by Dion Phaneuf and loses puck.
5:55 of 3rd period - Wrist shot by Matt Martin.
5:55 of 3rd period - Shot Misses the Net.
5:57 of 3rd period - Slapshot by Reilly Smith.
5:57 of 3rd period - Shot Blocked by Justin Faulk.
5:59 of 3rd period - Wrist shot by Eric Gelinas.
5:59 of 3rd period - Goal by Eric Gelinas - Senateurs : 1 - Predators : 3.
6:00 of 3rd period - Jack Eichel wins face-off versus Rickard Rakell in neutral zone.
6:02 of 3rd period - Minor Penalty to Alexander Ovechkin for Tripping.
6:03 of 3rd period - Alexander Wennberg wins face-off versus Andy Miele in Predators zone.
6:09 of 3rd period - Wrist shot by Rickard Rakell.
6:09 of 3rd period - Shot Misses the Net.
6:11 of 3rd period - Slapshot by Eric Gelinas.
6:11 of 3rd period - Shot Blocked by Ryan Mcdonagh.
6:41 of 3rd period - Slapshot by Dion Phaneuf.
6:41 of 3rd period - Shot Misses the Net.
6:43 of 3rd period - Wrist shot by Reilly Smith.
6:43 of 3rd period - Shot Blocked by Justin Faulk.
6:45 of 3rd period - Snap shot by Sidney Crosby.
6:45 of 3rd period - Shot Blocked by Jaden Schwartz.
7:01 of 3rd period - Wrist shot by John Moore.
7:01 of 3rd period - Stopped by Brian Elliott without a rebound.
7:02 of 3rd period - Sidney Crosby wins face-off versus Andy Miele in Senateurs zone.
8:02 of 3rd period - Penalty to Alexander Ovechkin is over, Alexander Ovechkin is back on ice.
8:52 of 3rd period - Chris Higgins is hit by Loui Eriksson and loses puck.
9:29 of 3rd period - Ryan Mcdonagh is hit by Matt Martin.
9:55 of 3rd period - Snap shot by Alexander Wennberg.
9:55 of 3rd period - Shot Blocked by Mikael Granlund.
9:57 of 3rd period - Minor Penalty to Alexander Ovechkin for Hooking.
9:58 of 3rd period - Sidney Crosby wins face-off versus Andy Miele in Predators zone.
10:27 of 3rd period - John Moore is hit by Sidney Crosby and loses puck.
10:38 of 3rd period - Backhand shot by Reilly Smith.
10:38 of 3rd period - Shot Misses the Net.
10:42 of 3rd period - Slapshot by Sidney Crosby.
10:42 of 3rd period - Shot Misses the Net.
10:44 of 3rd period - Slapshot by Matt Martin.
10:44 of 3rd period - Shot Blocked by John Moore.
10:46 of 3rd period - Snap shot by Eric Gelinas.
10:46 of 3rd period - Goal by Eric Gelinas - Senateurs : 2 - Predators : 3.
10:47 of 3rd period - Jack Eichel wins face-off versus Brad Richardson in neutral zone.
11:14 of 3rd period - Mark Pysyk is hit by Loui Eriksson and loses puck.
11:31 of 3rd period - Minor Penalty to Loui Eriksson for Tripping.
11:32 of 3rd period - Sidney Crosby wins face-off versus Jack Eichel in Senateurs zone.
11:32 of 3rd period - Sidney Crosby is hit by Mikael Granlund.
11:48 of 3rd period - Slapshot by Matt Martin.
11:48 of 3rd period - Shot Misses the Net.
11:58 of 3rd period - Eric Gelinas is hit by Joel Armia and loses puck.
13:19 of 3rd period - Alexander Ovechkin is hit by Brandon Burlon and loses puck.
13:31 of 3rd period - Penalty to Loui Eriksson is over, Loui Eriksson is back on ice.
13:32 of 3rd period - Alexander Wennberg is hit by Mikael Granlund and loses puck.
14:03 of 3rd period - Loui Eriksson is hit by Brandon Gormley and loses puck.
14:41 of 3rd period - Icing by John Moore.
14:42 of 3rd period - Mikael Granlund wins face-off versus Sidney Crosby in Predators zone.
14:42 of 3rd period - Mikael Granlund is hit by Sidney Crosby.
14:48 of 3rd period - Matt Martin is hit by Justin Faulk and loses puck.
15:09 of 3rd period - Andy Miele is hit by Dion Phaneuf.
15:23 of 3rd period - Anthony Bitetto is hit by Ryan Kesler.
15:26 of 3rd period - Off-side.
15:27 of 3rd period - Alexander Wennberg wins face-off versus Ryan Kesler in neutral zone.
15:34 of 3rd period - Slapshot by Rostislav Olesz.
15:34 of 3rd period - Stopped by Jaroslav Halak without a rebound.
15:35 of 3rd period - Brad Richardson wins face-off versus Scott Laughton in Predators zone.
16:29 of 3rd period - Chris Higgins is hit by Sidney Crosby.
16:35 of 3rd period - Slapshot by Andy Miele.
16:35 of 3rd period - Deflect By Matt Martin.
16:35 of 3rd period - Shot Blocked by Reilly Smith.
16:35 of 3rd period - Puck is out of play.
16:36 of 3rd period - Brad Richardson wins face-off versus Scott Laughton in Senateurs zone.
17:07 of 3rd period - Slapshot by Chris Lawrence.
17:07 of 3rd period - Stopped by Brian Elliott with a rebound.
17:09 of 3rd period - Wrist shot by Chris Lawrence.
17:09 of 3rd period - Stopped by Brian Elliott with a rebound.
17:13 of 3rd period - Wrist shot by Chris Lawrence.
17:13 of 3rd period - Stopped by Brian Elliott without a rebound.
17:14 of 3rd period - Scott Laughton wins face-off versus Bobby Ryan in Senateurs zone.
17:21 of 3rd period - Backhand shot by Justin Abdelkader.
17:21 of 3rd period - Stopped by Brian Elliott with a rebound.
17:23 of 3rd period - Slapshot by Justin Abdelkader.
17:23 of 3rd period - Stopped by Brian Elliott with a rebound.
17:39 of 3rd period - Anthony Bitetto is hit by Chris Higgins and loses puck.
17:48 of 3rd period - Anthony Bitetto is hit by John Moore and loses puck.
19:19 of 3rd period - Senateurs, Brian Elliott is pulled from the net.
19:29 of 3rd period - Wrist shot by Brad Richardson.
19:29 of 3rd period - Shot Misses the Net.
19:31 of 3rd period - Slapshot by Brad Richardson.
19:31 of 3rd period - Stopped by Jaroslav Halak without a rebound.
19:32 of 3rd period - Mike Yeo call a timeout for Senateurs.
19:32 of 3rd period - Andy Miele wins face-off versus Sidney Crosby in Predators zone.
19:54 of 3rd period - Wrist shot by Alexander Ovechkin.
19:54 of 3rd period - Goal by Alexander Ovechkin - Senateurs : 2 - Predators : 4.
19:54 of 3rd period - Brian Elliott from Senateurs was sent back in the game.
19:55 of 3rd period - Scott Laughton wins face-off versus Brad Richardson in neutral zone.
Goals for this period are 2 for Senateurs vs 2 for Predators.
Shots for this period are 6 for Senateurs vs 18 for Predators.